 Dungeon Crawl Stone Soup version 0.25-a0-1118-g1a081956a1 (webtiles) character file.

Game seed: 11324708923683909183, levelgen mode: deterministic

42 Gynju the Digger (level 3, -2/19 HPs)
             Began as a Gargoyle Earth Elementalist on May 17, 2020.
             Slain by a kobold
             ... wielding a +0 dagger
              (4 damage)
             ... on level 1 of the Dungeon.
             The game lasted 00:01:22 (1073 turns).

Gynju the Digger (Gargoyle Earth Elementalist)      Turns: 1073, Time: 00:01:22

Health: -2/19      AC:  5    Str: 12    XL:     3   Next: 56%
Magic:  1/7        EV: 12    Int: 15    God:
Gold:   34         SH:  0    Dex: 10    Spells: 6/7 levels left

rFire    . . .     SeeInvis .   h - +0 hand axe
rCold    . . .     Gourm    .   (no shield)
rNeg     + . .     Faith    .   c - +0 robe
rPois    ∞         Spirit   .   (no helmet)
rElec    +         Reflect  .   (no cloak)
rCorr    .         Harm     .   (no gloves)
MR       .....                  (no boots)
Stlth    ++........             (no amulet)
HPRegen  0.06/turn              (no ring)
MPRegen  0.10/turn              (no ring)

@: no status effects
A: negative energy resistance 1, electricity resistance, unbreathing,
petrification resistance, rot immunity, AC +3
a: no special abilities


You were on level 1 of the Dungeon.
You were not hungry.

You visited 1 branch of the dungeon, and saw 2 of its levels.

You collected 34 gold pieces.

Inventory:

Hand Weapons
 h - a +0 hand axe (weapon)
Missiles
 b - 33 stones
 m - 16 poisoned darts (quivered)
Armour
 c - a +0 robe (worn)
Jewellery
 k - a +4 ring of protection {unknown}
 l - an uncursed ring of wizardry {unknown}
Scrolls
 e - a scroll of enchant armour {unknown}
 g - 2 scrolls of identify {unknown}
 i - a scroll of blinking {unknown}
 j - a scroll of teleportation {unknown}
Potions
 f - a potion of berserk rage {unknown}
Comestibles
 d - 2 rations


   Skills:
 - Level 1.5 Dodging
 - Level 2.1 Stealth
 + Level 2.9 Spellcasting
   Level 0.7 Transmutations
 + Level 4.6 Earth Magic


You had 6 spell levels left.
You knew the following spells:

 Your Spells              Type           Power        Failure   Level  Hunger
a - Sandblast             Erth           ###...       3%          1    #......

Your spell library contained the following spells:

 Spells                   Type           Power        Failure   Level  Hunger
 Passwall                 Tmut/Erth      ##......     11%         2    ##.....
 Stone Arrow              Conj/Erth      #.....       24%         3    ###....
 Petrify                  Tmut/Erth      ##......     56%         4    #####..
 Lee's Rapid Deconstruct  Erth           ###.......   63%         5    ######.


Dungeon Overview and Level Annotations

Branches:
Dungeon (2/15)

Altars:

Annotations:
D:2 Terence


Innate Abilities, Weirdness & Mutations

You are resistant to torment.
Your stone body is resilient. (AC +3)
You are immune to poison.
You resist negative energy. (rN+)
You are resistant to electric shocks. (rElec)
You can survive without breathing.
You are immune to petrification.
You are immune to rotting.


Message History

Aim: a worm (heavily wounded)
The blast of sand hits the worm.
The worm is severely wounded.
b - 33 stones The kobold hits you but does no damage.
The worm closely misses you.
Casting: Sandblast (safe; 3% risk of failure)
Confirm with . or Enter, or press ? or * to list all spells.
You don't have enough magic to cast that spell.
Casting: Sandblast (safe; 3% risk of failure)
Confirm with . or Enter, or press ? or * to list all spells.
You don't have enough magic to cast that spell.
Casting: Sandblast (safe; 3% risk of failure)
Confirm with . or Enter, or press ? or * to list all spells.
You don't have enough magic to cast that spell.
Casting: Sandblast (safe; 3% risk of failure)
Confirm with . or Enter, or press ? or * to list all spells.
You don't have enough magic to cast that spell.
You see here a +0 club.
The kobold hits you with a +0 dagger.
You die...

.....................#
...≈..............##.#
...≈...#.......##.##.#
#..§..#...≈..####.##.#
#..≈..#..≈....#...##.#
.#.≈.#..≈.......####.#
.#.≈.#.≈...#..#.# #.#
≈.#.#.≈..##...#.####.#
.≈...≈.##......#@K)w.#
#.....#.......#.######
§..<...≈≈≈§≈≈.#.#
#.....#.......#.##
.≈...§.##........#
≈.#.#.≈..##...##.#
.#.≈.#.≈...#..##.#
.#.≈.#..§.....##.#
#..§..#..≈....##.#


You could see a worm and a kobold.

Vanquished Creatures
  An ooze (D:1)
  5 dart slugs (D:1)
  2 leopard geckos (D:1)
  A ball python (D:1)
  2 bats (D:1)
  A giant cockroach (D:1)
  A goblin (D:1)
  A hobgoblin (D:1)
  4 jackals (D:1)
  2 kobolds (D:1)
  4 rats (D:1)
24 creatures vanquished.

Notes
Turn   | Place    | Note
-------+----------+-------------------------------------------
     0 | D:1      | Gynju the Gargoyle Earth Elementalist began the quest for
                  | the Orb.
     0 | D:1      | Reached XP level 1. HP: 10/10 MP: 3/3
   172 | D:1      | Reached skill level 4 in Earth Magic
   172 | D:1      | Reached XP level 2. HP: 13/15 MP: 5/5
   417 | D:1      | Reached XP level 3. HP: 17/19 MP: 6/6
   746 | D:2      | Noticed Terence
  1073 | D:1      | Slain by a kobold

Illustrated notes

Levels and vault maps discovered:
D:1:      minmay_arrival_radiant_lines, layout_loops_ring
D:2:      minmay_spotlight, layout_rooms, lemuel_doored_altar, minmay_tall_x,
          uniq_sigmund, uniq_terence

Skill      XL: |  1 |
---------------+----+-----
Earth Magic    | 4 |  4.6
Dodging        | |  1.5
Stealth        | |  2.1
Spellcasting   | |  2.9
Transmutations | |  0.7

Action                   || total
-------------------------++-------
Melee: Hand axe          ||    38
       Unarmed           ||     1
 Cast: Sandblast         ||    23
 Stab: Sleeping          ||     2
  Eat: Chunk             ||     1
Armor: Robe              ||    27
Dodge: Dodged            ||    64

Table legend:
 A = Non-vault XP
 B = Vault XP
 C = Vault XP percentage of total XP
 D = Non-vault monster count
 E = Vault monster count
 F = Vault count percentage of total count
                 A         B        C        D         E       F
            +---------+---------+-------+---------+---------+-------
      Total |      61 |       0 |   0.0 |      24 |       0 |   0.0
            +---------+---------+-------+---------+---------+-------
        D:1 |      61 |       0 |   0.0 |      24 |       0 |   0.0
            +---------+---------+-------+---------+---------+-------
